 Dungeon Crawl Stone Soup version 0.30-a0-1124-g6e8f0f562f (webtiles) character file.

Game seed: 6691701721602313853

86 themarg the Ducker (level 4, 0/35 HPs)
             Began as a Demonspawn Gladiator on Apr 24, 2023.
             Slain by a goblin
             ... wielding a +4 dagger
             ... led by Robin
              (4 damage)
             ... on level 2 of the Dungeon.
             The game lasted 00:03:13 (1182 turns).

themarg the Ducker (Demonspawn Gladiator)           Turns: 1182, Time: 00:03:13

Health: 0/35       AC:  3    Str: 17    XL:     4   Next: 27%
Magic:  4/4        EV: 12    Int:  9    God:
Gold:   69         SH:  0    Dex: 14    Spells: 3/3 levels left

rFire   . . .        a - +0 flail
rCold   . . .        (no shield)
rNeg    . . .        b - +0 leather armour
rPois   .            (helmet restricted)
rElec   .            (no cloak)
rCorr   .            (no gloves)
SInv    .            (no boots)
Will    .....        (no amulet)
Stlth   +            (no ring)
HPRegen 1.25/turn    (no ring)
MPRegen 0.09/turn

%: no passive effects
@: attractive
A: antennae 1, powered by death 1
a: no special abilities


You were on level 2 of the Dungeon.
You visited 1 branch of the dungeon, and saw 2 of its levels.

You collected 69 gold pieces.

Inventory:

Hand Weapons
 a - a +0 flail (weapon)
Missiles
 d - 3 throwing nets (quivered)
 e - a javelin
 l - 17 stones
Armour
 b - a +0 leather armour (worn)
 c - a +0 helmet
Scrolls
 f - 2 scrolls of fog {unknown}
 g - 2 scrolls of identify {unknown}
 i - a scroll of torment {unknown}
 n - 2 scrolls of teleportation {unknown}
 o - a scroll of magic mapping {unknown}
 q - a scroll of amnesia {unknown}
Potions
 j - a potion of curing {unknown}
 k - a potion of heal wounds {unknown}
 m - a potion of mutation {unknown}
 p - a potion of flight {unknown}


   Skills:
 + Level 3.1 Fighting
 + Level 3.4 Maces & Flails
 - Level 1.7 Throwing
 + Level 3.4 Dodging


You had 3 spell levels left.
You didn't know any spells.
Your spell library contained the following spells:

 Spells                   Type           Power      Damage    Failure   Level
 Ozocubu's Armour         Ice            0%         N/A       83%         3
 Petrify                  Tmut/Erth      0%         N/A       99%         4
 Sticky Flame             Conj/Fire      0%         2d3       99%         4
 Metabolic Englaciation   Hex/Ice        0%         N/A       100%        5
 Simulacrum               Ice/Necr       0%         N/A       100%        6
 Dragon Form              Tmut           0%         N/A       100%        7


Dungeon Overview and Level Annotations

Branches:
Dungeon (2/15)

Altars:

Annotations:
D:2 Robin


Innate Abilities, Weirdness & Mutations

You have a pair of small antennae on your head.
You regenerate a little health from kills.


Message History

Robin throws the goblin at you!
The goblin hits you but does no damage. x2
You barely miss the goblin.
Robin says, "We wiped out the hill dwarves - you're next!"
Robin roars a battlecry!
The goblins go into a battle-frenzy!
The goblin hits you but does no damage. The goblin hits you with a +0 dagger.
The goblin barely misses you.
You hear a shout!
The goblin attacks as you move away! The goblin barely misses you.
The goblin hits you with a +0 dagger. The goblin closely misses you.
The goblin unwields a +0 dagger.
The goblin wields a +0 sling.
The goblin shoots a sling bullet.
The sling bullet hits you.
You sock the goblin!
You kill the goblin!
You sock the goblin!
You kill the goblin!
The goblin shoots a sling bullet.
The sling bullet closely misses you.
The goblin shouts!
Robin roars a battlecry!
The goblin goes into a battle-frenzy!
The goblin unwields a +0 sling.
The goblin wields a +0 dagger.
The goblin hits you with a +0 dagger.
Things that are here:
a +0 club; a +0 dagger; a goblin corpse You hit the goblin.
You kill the goblin!
The goblin hits you with a +4 dagger. The hobgoblin misses you.
The goblin hits you with a +4 dagger! Robin throws the goblin at you!
You completely miss the goblin.
The goblin shouts!
Robin hits you with a +0 vampiric short sword.
* * * LOW HITPOINT WARNING * * *
The goblin hits you with a +4 dagger!
* * * LOW HITPOINT WARNING * * *
The hobgoblin completely misses you.
It was a potion of attraction.
You feel attractive to monsters. The goblin hits you with a +4 dagger.
You die...

... .#####.####.#
#.#........<..#.#
#.#.#########.#.#
#.#...#.......#.#
#.###g#....)....#
#g).g......#.....
#..........#....#
#######g.).......#..#.#
#....g@gg........#..#.#
#.#####..........#..#..
#.#.....##########.....
#.#.########## #.##..
#.#.##.......# #.....
###.#)##.......########..
#......†..........# ##.
#####.##†......##.# ##
#.##..........#


You could see Robin, 3 hobgoblins and 3 goblins.

Vanquished Creatures
  Jessica (D:2)
  An adder (D:2)
  A worm (D:2)
  A dart slug (D:1)
  6 ball pythons
  2 bats
  4 endoplasms
  A giant cockroach (D:2)
  7 goblins
  3 hobgoblins
  4 jackals (D:2)
  2 quokkas
  A frilled lizard (D:2)
  4 kobolds
  4 rats
42 creatures vanquished.

Notes
Turn   | Place    | Note
-------+----------+-------------------------------------------
     0 | D:1      | themarg the Demonspawn Gladiator began the quest for the
                  | Orb.
     0 | D:1      | Reached XP level 1. HP: 16/16 MP: 1/1
   173 | D:1      | Gained mutation: You regenerate a little health from kills.
                  | [demonic ancestry]
   173 | D:1      | Reached XP level 2. HP: 2/22 MP: 2/2
   319 | D:1      | You fall into a shaft and drop 1 floor!
   531 | D:1      | Got the Handbook of the Body and Oxidation
   576 | D:2      | Noticed Robin
   829 | D:2      | Reached XP level 3. HP: 28/28 MP: 3/3
  1040 | D:2      | Noticed Jessica
  1061 | D:2      | Killed Jessica
  1080 | D:2      | Gained mutation: You have a pair of small antennae on your
                  | head. [demonic ancestry]
  1080 | D:2      | Reached XP level 4. HP: 33/35 MP: 4/4
  1182 | D:2      | Slain by a goblin

Illustrated notes

Levels and vault maps discovered:
D:1:      spicycebolla_arrival_risky_transporter, layout_rooms
D:2:      layout_basic, uniq_jessica, uniq_robin, uniq_terence

Skill      XL: |  1  2  3 |
---------------+----------+-----
Maces & Flails | 3 |  3.4
Dodging        | 3 |  3.4
Fighting       | 3 |  3.1
Throwing       | |  1.7

Action                     |  1- 3 |  4- 6 || total
---------------------------+-------+-------++-------
  Melee: Flail             |    90 |    27 ||   117
    Use: Potion            |       |     1 ||     1
   Stab: Sleeping          |     1 |       ||     1
 Armour: Leather armour    |    31 |    12 ||    43
  Dodge: Dodged            |    61 |    26 ||    87

Table legend: (Time is in decaauts)
 A = Elapsed time spent in this place.
 B = Non-inter-level travel time spent in this place.
 C = Inter-level travel time spent in this place.
 D = Time resting spent in this place.
 E = Time spent auto-exploring this place.
 F = Levels seen in this place.
 G = Mean time per level.
                   A        B        C        D        E       F      G
               +--------+--------+--------+--------+--------+-----+--------+
         Total |   1210 |   1159 |     51 |      0 |    824 |   2 |  605.0 |
       Dungeon |   1210 |   1159 |     51 |      0 |    824 |   2 |  605.0 |
               +--------+--------+--------+--------+--------+-----+--------+

Top non-repeatable levels by time:
     D:2: 616 daAuts
     D:1: 594 daAuts
